 Dungeon Crawl Stone Soup version 0.21-a0-474-g05767a10c8 (webtiles) character file.

90 Kaname the Conjurer (level 4, 0/30 HPs)
             Began as a Demonspawn Wizard on Nov 22, 2017.
             Slain by an adder (1 damage)
             ... on level 2 of the Dungeon.
             The game lasted 00:05:08 (1476 turns).

Kaname the Conjurer (Demonspawn Wizard)             Turns: 1476, Time: 00:05:09

Health: 0/30       AC:  2    Str:  9    XL:     4   Next: 32%
Magic:  1/8        EV: 12    Int: 21    God:
Gold:   68         SH:  0    Dex: 11    Spells: 8/9 levels left

rFire    . . .     SeeInvis +   e - +1 halberd
rCold    . . .     Gourm    .   (shield currently unavailable)
rNeg     . . .     Faith    .   a - +0 robe
rPois    .         Spirit   .   (helmet restricted)
rElec    .         Reflect  .   (no cloak)
rCorr    .         Harm     .   (no gloves)
MR       .....                  (no boots)
Stlth    ++........             (no amulet)
HPRegen  0.10/turn              j - ring of see invisible
MPRegen  0.11/turn              (no ring)

@: no status effects
A: antennae 1, claws 1, blurry vision 1, powered by pain 2, strong 1
a: no special abilities


You were on level 2 of the Dungeon.
You were not hungry.

You visited 1 branch of the dungeon, and saw 2 of its levels.

You collected 68 gold pieces.

Inventory:

Hand Weapons
 e - a +1 halberd (weapon)
Missiles
 m - 4 poisoned tomahawks (quivered)
Armour
 a - a +0 robe (worn)
 b - a +0 hat
 h - a cursed +0 helmet
Jewellery
 j - a ring of see invisible (left claw)
Books
 c - a book of Minor Magic

   Spells                             Type                      Level
   a - Magic Dart                     Conjuration                  1
   b - Blink                          Translocation                2
   c - Call Imp                       Summoning                    2
   d - Slow                           Hexes                        2
   e - Conjure Flame                  Conjuration/Fire             3
   f - Mephitic Cloud                 Conjuration/Poison/Air       3
Comestibles
 d - 2 bread rations
 f - 2 fruits
 i - 2 chunks of flesh


   Skills:
 - Level 1.7 Dodging
 - Level 1.7 Stealth
 - Level 3.0 Spellcasting
 + Level 4.2 Conjurations
   Level 1.0 Summonings
   Level 0.8 Translocations


You had 8 spell levels left.
You knew the following spells:

 Your Spells              Type           Power        Failure   Level  Hunger
a - Magic Dart            Conj           ###.         2%          1    None


Dungeon Overview and Level Annotations

Branches:
Dungeon (2/15)

Altars:


Innate Abilities, Weirdness & Mutations

You have a pair of small antennae on your head.
You sometimes gain power by taking damage.
You have sharp fingernails.
Scrolls take you a little longer to read.
Your muscles are strong. (Str +2)


Message History

* * * LOW HITPOINT WARNING * * *
You feel sick.
You are no longer poisoned.
The bat hits you.
* * * LOW HITPOINT WARNING * * *
The bat hits you but does no damage. The bat closely misses you.
Okay, then.
You aren't carrying any potions.
Unknown command.
Unknown command.
Casting: Magic Dart
Confirm with . or Enter, or press ? or * to list all spells.
Aiming: Magic Dart
Press: ? - help, Shift-Dir - straight line, f/p - adder
Aim: an adder The magic dart hits the adder.
The adder is moderately wounded.
The adder barely misses you. The adder bites you.
You die...

....b ######...# .....{
........#
.....####......############
..>?......................#
##.######......####.#.....#
###....# #.#.....# # ##.g.#
#.####..# ##.# #..b####.#
##.## ...# ###gS@...# #..#
#### ######## ##.# .# #.#
....≈≈........ #.##
...≈≈......... #..#
..≈....≈≈..... ##.#
..≈..≈≈..≈.... #######)#
#.# ...≈g....≈....##
#.....#.# #.#
......⌠≈≈......# #.....#.#
#.#


You could see a gnoll, an adder, a goblin and a bat.

Vanquished Creatures
  4 gnolls
  3 adders (D:2)
  A worm (D:2)
  5 bats
  A giant cockroach (D:2)
  4 goblins
  A hobgoblin (D:1)
  2 kobolds (D:2)
  A ball python (D:1)
  3 frilled lizards
  3 rats
28 creatures vanquished.

Notes
Turn   | Place    | Note
-------+----------+-------------------------------------------
     0 | D:1      | Kaname the Demonspawn Wizard began the quest for the Orb.
     0 | D:1      | Reached XP level 1. HP: 13/13 MP: 4/4
   480 | D:1      | Reached skill level 2 in Conjurations
   722 | D:1      | Gained mutation: You sometimes gain a little power by taking damage. [demonic ancestry]
   722 | D:1      | Reached XP level 2. HP: 19/19 MP: 3/6
   994 | D:1      | Reached skill level 3 in Conjurations
  1160 | D:1      | Gained mutation: You sometimes gain power by taking damage. [demonic ancestry]
  1160 | D:1      | Reached XP level 3. HP: 18/24 MP: 1/7
  1379 | D:2      | Reached skill level 4 in Conjurations
  1379 | D:2      | Gained mutation: You have a pair of small antennae on your head. [demonic ancestry]
  1379 | D:2      | Reached XP level 4. HP: 24/30 MP: 2/8
  1464 | D:2      | Gained mutation: Your magical capacity is low. (-10% MP) [potion of mutation]
  1464 | D:2      | Gained mutation: You have a pair of antennae on your head. [potion of mutation]
  1465 | D:2      | Lost mutation: You have a pair of antennae on your head. [potion of mutation]
  1465 | D:2      | Lost mutation: Your magical capacity is low. (-10% MP) [potion of mutation]
  1465 | D:2      | Gained mutation: Scrolls take you a little longer to read. [potion of mutation]
  1465 | D:2      | Gained mutation: You have sharp fingernails. [potion of mutation]
  1465 | D:2      | Gained mutation: Your muscles are strong. (Str +2) [potion of mutation]
  1472 | D:2      | HP: 1/30 [bat (1)]
  1476 | D:2      | Slain by an adder

Vault maps used:
D:1:      minmay_arrival_plants_in_alcoves
D:2:      cheibrodos_helix_gallery, first_bread

Skill      XL: |  1  2  3 |
---------------+----------+-----
Conjurations   | 2 3 4 |  4.2
Dodging        | |  1.7
Stealth        | |  1.7
Spellcasting   | |  3.0
Summonings     | |  1.0
Translocations | |  0.8

Action                   |  1- 3 |  4- 6 || total
-------------------------+-------+-------++-------
Melee: Club              |     6 |       ||     6
       Flail             |    23 |       ||    23
       Halberd           |       |    15 ||    15
 Cast: Magic Dart        |    59 |    14 ||    73
  Use: Potion            |     2 |     2 ||     4
       Scroll            |     1 |     1 ||     2
  Eat: Chunk             |     1 |     1 ||     2
Armor: Robe              |    13 |     4 ||    17
Dodge: Dodged            |    47 |    23 ||    70

Table legend:
 A = Spawn XP
 B = Non-spawn XP
 C = Spawn XP percentage of total XP
 D = Spawn monster count
 E = Non-spawn monster count
 F = Spawn count percentage of total count
 G = Total turns spent on level
                    A         B        C        D         E        F      G
               +---------+---------+-------+---------+---------+-------+---------
         Total |       0 |     129 |   0.0 |       0 |      28 |   0.0 |  1476
               +---------+---------+-------+---------+---------+-------+---------
           D:1 |       0 |      47 |   0.0 |       0 |      15 |   0.0 |  1221
           D:2 |       0 |      82 |   0.0 |       0 |      13 |   0.0 |   255
               +---------+---------+-------+---------+---------+-------+---------
